 Dungeon Sprint DCSS version 0.17-a0-1920-gafa4d75 (webtiles) character file.

144 Kidiri the Covert (level 5, -5/21 HPs)
             Began as a Spriggan Enchanter on Sept 27, 2015.
             Slain by a two-headed ogre
             ... wielding a +0 giant club
              (26 damage)
             ... in the Dungeon (Sprint III: "The Ten Rune Challenge").
             The game lasted 00:03:19 (793 turns).

Kidiri the Covert (Spriggan Enchanter)               Turns: 793, Time: 00:03:20

Health: -5/21      AC:  5    Str:  4    XL:     5   Next: 5%
Magic:  6/14       EV: 23    Int: 17    God:
Gold:   22         SH:  0    Dex: 19    Spells: 5 memorised, 4 levels left

rFire  . . .     SeeInvis +     a - +1 dagger
rCold  . . .     Clarity  +     b - +1 robe
rNeg   . . .     SustAt   .     (shield restricted)
rPois  .         Gourm    .     (helmet restricted)
rElec  .         Spirit   .     (no cloak)
rCorr  .         Warding  .     (gloves unavailable)
rMut   .         NoTele   +     (boots unavailable)
MR     .....                    (no amulet)
Stlth  +++++.....               (no ring)
                                (no ring)

@: very quick, not resistant to hostile enchantments, quite stealthy
A: unfitting armour, thin metallic scales 1, see invisible, agile 1, clarity,
herbivore 3, speed 3, frail 1, screaming 1, slow metabolism 2
a: no special abilities


You were in the Dungeon.
You were not hungry.

You visited 1 branch You collected 22 gold pieces.

Inventory:

Hand weapons
 a - a +1 dagger (weapon)
Armour
 b - a +1 robe (worn)
Scrolls
 j - a scroll of blinking
 n - a scroll of holy word
 o - 4 scrolls of remove curse
 s - a scroll of immolation {unknown}
Potions
 e - a potion of curing
 f - a potion of heal wounds
 g - a potion of haste
 h - 2 potions of magic
 i - a potion of berserk rage
 k - a potion of brilliance
 q - a potion of cure mutation
 r - 2 potions of flight
 t - a potion of cancellation
Books
 c - a book of Maledictions

   Spells                             Type                      Level
   a - Corona                         Hexes                        1
   b - Ensorcelled Hibernation        Hexes/Ice                    2
   c - Confuse                        Hexes                        3
   d - Tukima's Dance                 Hexes                        3
   e - Dazzling Spray                 Conjuration/Hexes            3
Comestibles
 d - a bread ration
 p - 3 royal jellies


   Skills:
 * Level 5.1 Short Blades
 * Level 7.2 Dodging
 * Level 8.7 Stealth
 * Level 6.1 Spellcasting
 + Level 0.4 Conjurations
 + Level 5.3 Hexes
 + Level 0.5 Ice Magic


You had 4 spell levels left.
You knew the following spells:

 Your Spells              Type           Power        Failure   Level  Hunger
a - Corona                Hex            ###....      1%          1    None
b - Ensorcelled Hibernat  Hex/Ice        ###...       10%         2    None
c - Tukima's Dance        Hex            ###.....     6%          3    ##.....
d - Confuse               Hex            ###.....     6%          3    ##.....
e - Dazzling Spray        Conj/Hex       ###.....     14%         3    ##.....


Dungeon Overview and Level Annotations

Branches:
Dungeon (1/1)

Altars:


Innate Abilities, Weirdness & Mutations

You are tiny and cannot use many weapons and most armour.
You have supernaturally acute eyesight.
You are a herbivore.
You cover ground extremely quickly.
You need consume almost no food.
You are partially covered in thin metallic scales (AC +2).
You are agile. (Dex +2)
You possess an exceptional clarity of mind.
You are frail (-10% HP).
You occasionally shout uncontrollably at your foes.


Message History

The two-headed ogre easily resists.
A two-headed ogre comes into view. It is wielding two giant clubs.
Casting: Ensorcelled Hibernation
Confirm with . or Enter, or press ? or * to list all spells.
Aiming: Ensorcelled Hibernation
Press: ? - help, Shift-Dir - straight line, f/p - two-headed ogre
Aim: a two-headed ogre, wielding two giant clubs (chance to defeat MR: 28%)
The two-headed ogre easily resists.
The two-headed ogre shouts in stereo!
The two-headed ogre misses you.
The two-headed ogre completely misses you.
Casting: Ensorcelled Hibernation
Confirm with . or Enter, or press ? or * to list all spells.
Aiming: Ensorcelled Hibernation
Press: ? - help, Shift-Dir - straight line, f/p - two-headed ogre
Aim: a two-headed ogre, wielding two giant clubs (chance to defeat MR: 28%)
The two-headed ogre easily resists.
The two-headed ogre misses you.
The two-headed ogre hits you with a giant club!!
Ouch! That really hurt!
You die...

♣♣♣.###+#+###+##
.♣..#..........#
.♣♣.'.⌠........#
≈♣..#...######'#
....#.⌠.# #...#
# ....#...#
#...# #.#
....#+### #...##
O. ....#
#...+##.# ....#
+...#@O.# ▓▓▓▓▓
▓▓▓▓▓▓▓▓▓


You could see 2 two-headed ogres.

Vanquished Creatures
  A water elemental (D)
  A jelly (D)
  Jessica (D)
  A human (D)
  An ooze (D)
  A phantom (D)
  2 rats (D)
8 creatures vanquished.

Vanquished Creatures (others)
  2 draconian scorchers (D)
  A yaktaur (D)
  A plant (D)
4 creatures vanquished.

Grand Total: 12 creatures vanquished

Notes
Turn   | Place    | Note
--------------------------------------------------------------
     0 | D        | Kidiri the Spriggan Enchanter began the quest for the Orb.
     0 | D        | Reached XP level 1. HP: 9/9 MP: 5/5
    14 | D        | Reached skill level 5 in Stealth
    91 | D        | Killed a yaktaur
   122 | D        | Noticed Jessica
   140 | D        | Killed Jessica
   140 | D        | Reached skill level 5 in Dodging
   140 | D        | Reached skill level 6 in Stealth
   140 | D        | Reached XP level 2. HP: 5/13 MP: 4/8
   140 | D        | Reached XP level 3. HP: 6/16 MP: 4/9
   185 | D        | Learned a level 3 spell: Tukima's Dance
   188 | D        | Learned a level 2 spell: Ensorcelled Hibernation
   192 | D        | Learned a level 3 spell: Confuse
   196 | D        | Killed a white draconian scorcher
   307 | D        | Killed a white draconian scorcher
   435 | D        | Reached skill level 7 in Stealth
   623 | D        | Gained mutation: You are agile. (Dex +2) [potion of mutation]
   623 | D        | Gained mutation: You are partially covered in thin metallic scales (AC +2). [potion of mutation]
   623 | D        | Gained mutation: You are frail (-10% HP). [potion of mutation]
   624 | D        | Gained mutation: You possess an exceptional clarity of mind. [potion of mutation]
   624 | D        | Gained mutation: You occasionally shout uncontrollably at your foes. [potion of mutation]
   661 | D        | Noticed a water elemental
   663 | D        | Killed a water elemental
   663 | D        | Reached skill level 8 in Stealth
   663 | D        | Reached skill level 5 in Spellcasting
   663 | D        | Reached skill level 5 in Hexes
   663 | D        | Reached XP level 4. HP: 18/18 MP: 10/12
   682 | D        | Noticed a jelly
   683 | D        | Noticed a shadow
   693 | D        | Learned a level 3 spell: Dazzling Spray
   702 | D        | Killed a jelly
   702 | D        | Reached skill level 5 in Short Blades
   702 | D        | Reached XP level 5. HP: 15/21 MP: 2/14
   788 | D        | Noticed a two-headed ogre
   788 | D        | Noticed a two-headed ogre
   792 | D        | Noticed a two-headed ogre
   793 | D        | Slain by a two-headed ogre

Vault maps used:
D:        dungeon_sprint_mu

Action                   |  1- 3 |  4- 6 || total
-------------------------+-------+-------++-------
Melee: Dagger            |    57 |     4 ||    61
 Cast: Corona            |     4 |       ||     4
       Tukima's Dance    |     4 |       ||     4
       Ensorcelled Hiber |     1 |     8 ||     9
  Use: Scroll            |     3 |       ||     3
       Potion            |     3 |       ||     3
 Stab: Sleeping          |     3 |     1 ||     4
